 Dungeon Crawl Stone Soup version 0.29-a0-1009-g60c99734e7 (webtiles) character file.

Game seed: 975651111315632171

231 BritishOli the Trooper (level 5, -1/42 HPs)
             Began as a Demonspawn Fighter on Aug 8, 2022.
             Killed from afar by a steam dragon (11 damage)
             ... with a ball of steam
             ... on level 5 of the Dungeon.
             The game lasted 00:04:15 (3529 turns).

BritishOli the Trooper (Demonspawn Fighter)         Turns: 3529, Time: 00:04:15

Health: -1/42      AC: 15    Str: 19    XL:     5   Next: 73%
Magic:  5/5        EV:  5    Int:  9    God:
Gold:   185        SH:  5    Dex: 18    Spells: 4/4 levels left

rFire   . . .      SeeInvis .   a - +0 long sword
rCold   . . .      Faith    .   c - +0 buckler
rNeg    . . .      Spirit   .   l - +0 plate armour
rPois   .          Reflect  .   o - +1 hat
rElec   .          Harm     .   (no cloak)
rCorr   .          Rampage  .   (no gloves)
Will    .....                   (no boots)
Stlth   ..........              (no amulet)
HPRegen 0.14/turn               k - +6 ring of dexterity
MPRegen 0.09/turn               (no ring)

@: no status effects
A: molten scales 2, icemail 1, condensation shield
a: no special abilities


You were on level 5 of the Dungeon.
You visited 1 branch of the dungeon, and saw 5 of its levels.

You collected 221 gold pieces.
You spent 36 gold pieces at shops.

Inventory:

Hand Weapons
 a - a +0 long sword (weapon)
Armour
 c - a +0 buckler (worn)
 l - a +0 plate armour (worn)
 o - a +1 hat (worn)
Jewellery
 k - a +6 ring of dexterity (left hand)
Scrolls
 h - a scroll of poison {unknown}
 i - 2 scrolls of identify {unknown}
 j - a scroll of torment {unknown}
 n - a scroll of fear {unknown}
 q - a scroll of noise {unknown}
 r - a scroll of amnesia {unknown}
 s - a scroll of silence {unknown}
 t - a scroll of teleportation {unknown}
Potions
 b - 2 potions of lignification {unknown}
 d - a potion of might
 e - a potion of degeneration {unknown}
 f - a potion of attraction {unknown}
 g - a potion of ambrosia {unknown}
 m - 4 potions of curing
 p - a potion of heal wounds {unknown}


   Skills:
 + Level 4.1 Fighting
 + Level 3.1 Long Blades
 + Level 3.7 Armour
 + Level 3.7 Shields


You had 4 spell levels left.
You didn't know any spells.
Your spell library contained the following spells:

 Spells                   Type           Power      Damage    Failure   Level
 Ensorcelled Hibernation  Hex/Ice        0%         N/A       100%        2
 Passwall                 Tmut/Erth      0%         N/A       100%        2
 Gell's Gravitas          Tloc           0%         N/A       100%        3
 Swiftness                Air            0%         N/A       100%        3
 Teleport Other           Tloc           0%         N/A       100%        3
 Corpse Rot               Necr/Pois/Air  0%         N/A       100%        4
 Dispel Undead            Necr           0%         3d6       100%        4
 Hailstorm                Conj/Ice       0%         3d3       100%        4
 Ice Form                 Ice/Tmut       0%         N/A       100%        4
 Death Channel            Necr           0%         N/A       100%        6
 Dispersal                Tloc           0%         N/A       100%        6
 Simulacrum               Ice/Necr       0%         N/A       100%        6


Dungeon Overview and Level Annotations

Branches:
Dungeon (5/15)
 Temple: D:4-7

Altars:
Ru

Shops:
D:4 !

Annotations:
D:4 Grinder


Innate Abilities, Weirdness & Mutations

You are mostly covered in molten scales. (AC +3)
A meltable icy envelope protects you from harm. (AC +0)
A meltable shield of frost defends you. (SH +0)


Message History

There is a stone staircase leading up here.
You hit the adder.
The adder is lightly wounded.
The adder closely misses you.
You slash the adder!
The adder is almost dead.
You block the adder's attack. The adder bites you but does no damage.
You completely miss the adder.
The adder is almost dead.
You block the adder's attack.
You hit the adder.
You kill the adder!
You now have 156 gold pieces (gained 13).
You now have 169 gold pieces (gained 13).
You now have 175 gold pieces (gained 6).
You now have 185 gold pieces (gained 10).
A steam dragon comes into view.
The steam dragon hisses angrily.
A steam dragon is nearby!
The steam dragon breathes steam at you. The ball of steam hits you.
Your icy defenses dissipate!
You slash the steam dragon!
The steam dragon is moderately wounded.
You are engulfed in a cloud of scalding steam.
You block the steam dragon's attack. The steam dragon barely misses you.
You hit the steam dragon.
The steam dragon is moderately wounded.
You are engulfed in a cloud of scalding steam.
The steam dragon breathes steam at you. The ball of steam hits you.
You hit the steam dragon but do no damage.
The steam dragon is moderately wounded.
You are engulfed in a cloud of scalding steam.
* * * LOW HITPOINT WARNING * * *
The steam dragon bites you but does no damage.
The steam dragon barely misses you. The steam dragon breathes steam at you.
The ball of steam hits you!
You die...

###.###..##.####
#..............#
##...####.##.##.#
.... #.# # ...
#.# #§# #.#
#####§#####.#
#...§§§.....#
#.###@####### #D#
#.. ####


You could see a steam dragon (catching breath).

Vanquished Creatures
  A scorpion (D:4)
  A jelly (D:4)
  7 adders
  A worm (D:3)
  A dart slug (D:2)
  2 orcs
  8 endoplasms
  2 giant cockroaches (D:2)
  6 hobgoblins
  4 jackals (D:3)
  7 kobolds
  2 quokkas
  8 ball pythons
  11 bats
  A frilled lizard (D:1)
  6 goblins
  7 rats
75 creatures vanquished.

Notes
Turn   | Place    | Note
-------+----------+-------------------------------------------
     0 | D:1      | BritishOli the Demonspawn Fighter began the quest for the
                  | Orb.
     0 | D:1      | Reached XP level 1. HP: 18/18 MP: 1/1
   363 | D:1      | Gained mutation: A meltable shield of frost defends you.
                  | (SH +0) [demonic ancestry]
   363 | D:1      | Reached XP level 2. HP: 24/24 MP: 2/2
   871 | D:1      | Gained mutation: You are partially covered in molten
                  | scales. (AC +2) [demonic ancestry]
   871 | D:1      | Reached XP level 3. HP: 29/29 MP: 3/3
  1158 | D:1      | Found a faded altar of an unknown god.
  1614 | D:2      | Found a sacrificial altar of Ru.
  1738 | D:2      | Gained mutation: A meltable icy envelope protects you from
                  | harm. (AC +0) [demonic ancestry]
  1738 | D:2      | Reached XP level 4. HP: 32/35 MP: 4/4
  3119 | D:4      | Gained mutation: You are mostly covered in molten scales.
                  | (AC +3) [demonic ancestry]
  3119 | D:4      | Reached XP level 5. HP: 41/42 MP: 5/5
  3343 | D:4      | Found Nazof's Distillery.
  3352 | D:4      | Bought a potion of curing for 36 gold pieces
  3420 | D:4      | Reached skill level 4 in Fighting
  3471 | D:4      | Noticed Grinder
  3471 | D:4      | Paralysed by Grinder for 2 turns
  3491 | D:5      | Entered Level 5 of the Dungeon
  3525 | D:5      | Noticed a steam dragon
  3529 | D:5      | Killed from afar by a steam dragon

Illustrated notes

Levels and vault maps discovered:
D:1:      scummos_arrival_star, layout_loops_ring,
          shapermc_ecumenical_altar_mp_urbaneastern, roderic_lattice_a
D:2:      layout_basic, basic_altar, st_stairs_10, minmay_misc_feat_diagonals
D:3:      layout_basic, chequers_serial_rivers_large_b, nrook_mini_vaults,
          grunt_ministairs_11, serial_bayou_pond_d
D:4:      layout_basic, serial_corexii_hall, corexii_hall_statues_i,
          corexii_hall_statues_i, serial_shops, nicolae_shop_stone, uniq_grinder
D:5:      layout_loops_ring, marbit_many_paths,
          mainiacjoe_overflow_large_starburst, enter_ossuary_4,
          dreamdust_princess_corridor

Skill      XL: |  1  2  3  4  5 |
---------------+----------------+-----
Long Blades    | 2 3 |  3.1
Armour         | 3 |  3.7
Shields        | 3 |  3.7
Fighting       | 4 |  4.1

Action                   |  1- 3 |  4- 6 || total
-------------------------+-------+-------++-------
Melee: Long sword        |   168 |    82 ||   250
Armor: Scale mail        |    46 |       ||    46
       Plate armour      |    60 |    63 ||   123
Dodge: Dodged            |    71 |    18 ||    89
Block: Buckler           |    88 |    32 ||   120

Table legend: (Time is in decaauts)
 A = Elapsed time spent in this place.
 B = Non-inter-level travel time spent in this place.
 C = Inter-level travel time spent in this place.
 D = Time resting spent in this place.
 E = Time spent auto-exploring this place.
 F = Levels seen in this place.
 G = Mean time per level.
                   A        B        C        D        E       F      G
               +--------+--------+--------+--------+--------+-----+--------+
         Total |   3635 |   3528 |    107 |      0 |   2922 |   5 |  727.0 |
       Dungeon |   3635 |   3528 |    107 |      0 |   2922 |   5 |  727.0 |
               +--------+--------+--------+--------+--------+-----+--------+

Top non-repeatable levels by time:
     D:1: 1265 daAuts
     D:3: 982 daAuts
     D:2: 965 daAuts
     D:4: 382 daAuts
     D:5: 39 daAuts
